 Dungeon Crawl Stone Soup version 0.21.1-1-g345015fe64 (webtiles) character file.

98 Henning the Skirmisher (level 4, -1/41 HPs)
             Began as a Minotaur Berserker on June 14, 2018.
             Was a Believer of Trog.
             Slain by a gnoll
             ... wielding a +0 halberd
              (10 damage)
             ... on level 2 of the Dungeon.
             The game lasted 00:03:52 (1067 turns).

Henning the Skirmisher (Minotaur Berserker)         Turns: 1067, Time: 00:03:53

Health: -1/41      AC: 12    Str: 23    XL:     4   Next: 43%
Magic:  3/3        EV:  5    Int:  4    God:    Trog [**....]
Gold:   69         SH:  0    Dex:  9    Spells: 3/3 levels left

rFire    x . .     SeeInvis .   a - +0 hand axe
rCold    + . .     Gourm    .   (no shield)
rNeg     . . .     Faith    .   g - +0 chain mail
rPois    .         Spirit   .   (helmet restricted)
rElec    .         Reflect  .   (no cloak)
rCorr    .         Harm     .   e - +2 pair of gloves
MR       .....                  (no boots)
Stlth    ..........             (no amulet)
HPRegen  0.13/turn              f - ring of ice
MPRegen  0.08/turn              m - -3 ring of evasion (curse)

@: no status effects
A: retaliatory headbutt, horns 2
a: Berserk, Trog's Hand, Burn Spellbooks, Renounce Religion


You were on level 2 of the Dungeon.
You worshipped Trog.
Trog was pleased with you.
You were hungry.

You visited 1 branch of the dungeon, and saw 2 of its levels.

You collected 69 gold pieces.

Inventory:

Hand Weapons
 a - a +0 hand axe (weapon)
Armour
 e - a +2 pair of gloves (worn)
 g - a +0 chain mail (worn)
Jewellery
 f - a ring of ice (left hand)
 m - a cursed -3 ring of evasion (right hand)
Scrolls
 d - a scroll of enchant weapon {unknown}
 h - a scroll of blinking {unknown}
 i - a scroll of teleportation {unknown}
Potions
 b - a potion of haste
 j - a potion of curing {unknown}
 l - a potion of heal wounds {unknown}
Comestibles
 c - 7 rations
 k - a chunk of flesh


   Skills:
 + Level 4.9 Fighting
 + Level 4.4 Axes
 + Level 3.5 Armour
 + Level 2.2 Dodging
 + Level 0.7 Stealth


You had 3 spell levels left.
You didn't know any spells.

Dungeon Overview and Level Annotations

Branches:
Dungeon (2/15)

Altars:
Sif Muna


Innate Abilities, Weirdness & Mutations

You reflexively headbutt those who attack you in melee.
You have a pair of horns on your head.


Message History

The gnoll hits you from afar with a halberd!
* * * LOW HITPOINT WARNING * * *
A rat comes into view.
You are too injured to fight recklessly!
You are too injured to fight recklessly!
You are too injured to fight recklessly!
You are too injured to fight recklessly!
You barely miss the gnoll.
The gnoll is severely wounded.
The gnoll hits you but does no damage. x2
You hit the gnoll.
You kill the gnoll!
Trog accepts your kill. The gnoll closely misses you.
Things that are here:
a club; a whip You slash the gnoll!
Your headbutt misses the gnoll.
The gnoll is severely wounded.
The gnoll hits you with a halberd!
You die...

#.......§ ##....... #
##...... .. ##.....
... ##.... .... ##...
..... #### ......####
#.# ##..
#...rg@.####.####.
#..†
####g##)...#.##...
#..# # ####......##
#..÷ ###.........#
#.##
.#.#...........###.##
................#.....
..#.###.........)...##
# ####.......####
###...##.##


You could see a gnoll, a goblin and a rat.

Vanquished Creatures
  2 adders (D:2)
  3 gnolls (D:2)
  2 oozes (D:2)
  A worm (D:2)
  2 dart slugs (D:1)
  2 leopard geckos (D:2)
  A giant cockroach (D:1)
  2 goblins (D:1)
  A hobgoblin (D:1)
  2 jackals (D:1)
  9 kobolds
  8 bats
  2 frilled lizards
  4 rats
41 creatures vanquished.

Notes
Turn   | Place    | Note
-------+----------+-------------------------------------------
     0 | D:1      | Henning the Minotaur Berserker began the quest for the Orb.
     0 | D:1      | Reached XP level 1. HP: 19/19 MP: 0/0
   123 | D:1      | Reached XP level 2. HP: 27/27 MP: 1/1
   443 | D:1      | Reached ** piety under Trog
   609 | D:2      | Reached XP level 3. HP: 34/34 MP: 2/2
   895 | D:2      | Reached XP level 4. HP: 41/41 MP: 3/3
   996 | D:2      | Found a deep blue altar of Sif Muna.
  1067 | D:2      | Slain by a gnoll

Skill      XL: |  1  2  3 |
---------------+----------+-----
Fighting       | 4 |  4.9
Axes           | 4 |  4.4
Armour         | 3 |  3.5
Dodging        | |  2.2
Stealth        | |  0.7

Action                   |  1- 3 |  4- 6 || total
-------------------------+-------+-------++-------
Melee: Hand axe          |    69 |    13 ||    82
       Headbutt          |     7 |       ||     7
Armor: Chain mail        |    37 |     9 ||    46
       Animal skin       |     3 |       ||     3
Dodge: Dodged            |    27 |     5 ||    32
